 Dungeon Crawl Stone Soup version 0.26-a0-1013-gf6ffb0d6bd (console) character file.

Game seed: 16991838743637613646

4 om the Ruffian (level 1, 0/19 HPs)
             Began as a Ghoul Monk on Dec 7, 2020.
             Slain by a kobold (3 damage)
             ... on level 1 of the Dungeon.
             The game lasted 00:00:35 (184 turns).

om the Ruffian (Ghoul Monk)                          Turns: 184, Time: 00:00:35

Health: 0/19       AC:  2    Str: 14    XL:     1   Next: 70%
Magic:  0/0        EV: 12    Int:  5    God:
Gold:   19         SH:  0    Dex: 11    Spells: 0/0 levels left

rFire    . . .     SeeInvis .     - Unarmed
rCold    + . .     Faith    .   (no shield)
rNeg     + + +     Spirit   .   a - +0 robe
rPois    ∞         Reflect  .   (no helmet)
rElec    .         Harm     .   (no cloak)
rCorr    .         Rampage  .   (no gloves)
Will     .....                  (no boots)
Stlth    ++........             (no amulet)
HPRegen  0.00/turn              (no ring)
MPRegen  0.07/turn              (no ring)

@: no status effects
A: rotting body, claws 1, cold resistance 1, negative energy resistance 3,
inhibited regeneration, torment resistance, unbreathing
a: no special abilities


You were on level 1 of the Dungeon.
You visited 1 branch of the dungeon, and saw 1 of its levels.

You collected 19 gold pieces.

Inventory:

Armour
 a - a +0 robe (worn)
Potions
 b - a potion of heal wounds {unknown}


   Skills:
 + Level 3.3 Fighting
 + Level 2.7 Dodging
 + Level 2.3 Stealth
 + Level 3.4 Unarmed Combat


You couldn't memorise any spells.
You didn't know any spells.
Your spell library was empty.

Dungeon Overview and Level Annotations

Branches:
Dungeon (1/15)

Altars:


Innate Abilities, Weirdness & Mutations

Your body is rotting away.
You thrive by killing the living.
You are immune to poison.
You have sharp fingernails.
Your flesh is cold resistant. (rC+)
You are immune to negative energy. (rN+++)
You do not regenerate when monsters are visible.
You are immune to unholy pain and torment.
You can survive without breathing.


Message History

* * * LOW HITPOINT WARNING * * *
The ball python constricts you.
You escape the ball python's grasp.
The kobold barely misses you.
The ball python bites the plant.
The ball python grabs the plant.
The ball python constricts the plant.
The leopard gecko misses you.
The ball python loses its grip on the plant.
The goblin shouts!
A nearby plant withers and dies.
You see here a bat corpse.
Unknown command.
You don't know any spells.
The leopard gecko bites something.
You barely miss the hobgoblin. The hobgoblin hits you with a +0 club.
* * * LOW HITPOINT WARNING * * *
You scratch the hobgoblin but do no damage.
The hobgoblin closely misses you.
You claw the hobgoblin!
You kill the hobgoblin!
The kobold hits you.
You die...

.#..#.#........ ........
..#.#.........# #.......
.....##...#.#####....#
)####...###........####.#
.###...###...##.......#.#..
......####)#....#..........
####..........###..........
#####.....####..........
#..#♣♣.♣♣.......###>.
......♣P≈≈♣♣KS.g..##...
#####♣♣P≈♣♣#@#....#.g..
♣♣≈♣ #♣##S..g..# ♣≈♣♣
♣♣♣.....##.
.≈≈PP♣≈Pl....)..
≈≈≈.≈≈≈...#.....
P≈≈.♣P≈P≈........ ♣P≈
♣♣♣♣♣........ ♣...(........
♣♣...(....... ♣...........
♣............


You could see a goblin, a ball python and a kobold.

Vanquished Creatures
  2 hobgoblins (D:1)
  A bat (D:1)
  A frilled lizard (D:1)
  A kobold (D:1)
  2 rats (D:1)
7 creatures vanquished.

Vanquished Creatures (others)
  2 plants (D:1)
2 creatures vanquished.

Grand Total: 9 creatures vanquished

Notes
Turn   | Place    | Note
-------+----------+-------------------------------------------
     0 | D:1      | om the Ghoul Monk began the quest for the Orb.
     0 | D:1      | Reached XP level 1. HP: 19/19 MP: 0/0
   184 | D:1      | Slain by a kobold

Illustrated notes

Levels and vault maps discovered:
D:1:      dpeg_arrival_more_subterranean_lakeside_camping, layout_rooms,
          serial_bayou_crossing

Action                   || total
-------------------------++-------
Melee: Unarmed           ||    22
 Stab: Sleeping          ||     2
Armor: Robe              ||     4
Dodge: Dodged            ||    15

Table legend: (Time is in decaauts)
 A = Elapsed time spent in this place.
 B = Non-inter-level travel time spent in this place.
 C = Inter-level travel time spent in this place.
 D = Time resting spent in this place.
 E = Time spent auto-exploring this place.
 F = Levels seen in this place.
 G = Mean time per level.
                   A        B        C        D        E       F      G
               +--------+--------+--------+--------+--------+-----+--------+
         Total |    183 |    183 |      0 |     86 |     37 |   1 |  183.0 |
       Dungeon |    183 |    183 |      0 |     86 |     37 |   1 |  183.0 |
               +--------+--------+--------+--------+--------+-----+--------+

Top non-repeatable levels by time:
     D:1: 183 daAuts
